 Dungeon Crawl Stone Soup version 0.30.1-9-gdf580d7c3d (webtiles) character file.

Game seed: 492055784179423969

613 KittyFluff the Cudgeller (level 7, -2/44 HPs)
             Began as a Gargoyle Berserker on Oct 10, 2023.
             Was a Priest of Trog.
             Slain by Edmund
             ... wielding a +1 flail of protection
              (7 damage)
             ... on level 5 of the Dungeon.
             The game lasted 00:16:37 (3816 turns).

KittyFluff the Cudgeller (Gargoyle Berserker)       Turns: 3816, Time: 00:16:37

Health: -2/44      AC:  8    Str: 22    XL:     7   Next: 44%
Magic:  7/7        EV:  9    Int:  6    God:    Trog [***...]
Gold:   219        SH: 17    Dex: 14    Spells: 6/6 levels left

rFire   + . .        a - +0 mace
rCold   . . .        g - +2 tower shield
rNeg    + . .        z - +0 robe of the Stars {rPois Int-2 Dex+5 SInv}
rPois   ∞            q - +0 helmet
rElec   +            (no cloak)
rCorr   .            (no gloves)
SInv    +            (no boots)
Will    .....        o - amulet of reflection
Stlth   +            b - ring of protection from fire
HPRegen 0.27/turn    (no ring)
MPRegen 0.10/turn

%: reflection
@: mighty, on berserk cooldown, slowed, very slow
A: sickness immunity, AC +4, negative energy resistance 1, electricity
resistance, torment resistance 1, petrification resistance
a: Renounce Religion, Berserk, Trog's Hand


You were on level 5 of the Dungeon.
You worshipped Trog.
Trog was most pleased with you.
You visited 1 branch of the dungeon, and saw 5 of its levels.

You collected 286 gold pieces.
You spent 67 gold pieces at shops.

Inventory:

Hand Weapons
 a - a +0 mace (weapon)
 t - a +2 heavy sling
Missiles
 k - 10 boomerangs (quivered)
 u - 4 poisoned darts
Armour
 e - a +0 leather armour
 g - a +2 tower shield (worn)
 q - a +0 helmet (worn)
 z - the +0 robe of the Stars (worn) {rPois Int-2 Dex+5 SInv}
   (You found it on level 5 of the Dungeon)

   Int:       It affects your intelligence (-2).
   Dex:       It affects your dexterity (+5).
   rPois:     It protects you from poison.
   SInv:      It lets you see invisible.
Jewellery
 b - a ring of protection from fire (left hand)
 o - an amulet of reflection (around neck)
 w - a ring of fire
Scrolls
 c - 3 scrolls of immolation {unknown}
 f - a scroll of enchant weapon {unknown}
 i - a scroll of magic mapping {unknown}
 j - a scroll of butterflies {unknown}
 l - 2 scrolls of vulnerability {unknown}
 m - 4 scrolls of teleportation {unknown}
 n - 2 scrolls of noise {unknown}
 y - a scroll of silence {unknown}
Potions
 d - 2 potions of magic
 h - a potion of curing {unknown}
 p - 2 potions of flight
 s - a potion of haste {unknown}
 v - a potion of degeneration
 x - 2 potions of mutation


   Skills:
 + Level 4.7 Fighting
 * Level 5.4 Maces & Flails
 * Level 5.2 Armour
 + Level 3.1 Dodging


You had 6 spell levels left.
You didn't know any spells.
Your spell library was empty.

Dungeon Overview and Level Annotations

Branches:
Dungeon (5/15)
 Temple: D:4-7

Altars:
Hepliaklqana

Shops:
D:4 ?(*!(

Annotations:
D:5 Edmund


Innate Abilities, Weirdness & Mutations

You are immune to sickness and miasma.
Your stone body is resilient. (AC +4)
You are immune to poison.
You resist negative energy. (rN+)
You are resistant to electric shocks. (rElec)
You are resistant to unholy torment.
You are immune to petrification.


Message History

Edmund is heavily wounded.
You block Edmund's attack.
You closely miss Edmund.
Edmund is heavily wounded.
You block Edmund's attack.
You closely miss Edmund.
Edmund is heavily wounded.
You block Edmund's attack.
You hit Edmund but do no damage.
Edmund is heavily wounded.
You block Edmund's attack.
You hit Edmund.
Edmund is heavily wounded.
You block Edmund's attack.
You hit Edmund.
Edmund is severely wounded.
Edmund hits you with a +1 flail of protection.
You completely miss Edmund.
Edmund is severely wounded.
You block Edmund's attack.
You barely miss Edmund.
Edmund is severely wounded.
You block Edmund's attack.
You closely miss Edmund.
Edmund is severely wounded.
You are no longer berserk.
You are exhausted.
You feel yourself slow down.
Edmund hits you with a +1 flail of protection.
You hit Edmund but do no damage.
Edmund is severely wounded.
Edmund hits you with a +1 flail of protection.
* * * LOW HITPOINT WARNING * * *
Edmund hits you with a +1 flail of protection!
* * * LOW HITPOINT WARNING * * *
You block Edmund's attack.
It was a potion of might.
You feel very mighty all of a sudden.
Edmund hits you with a +1 flail of protection!
You die...

#...## #.# .... #.#
..)# #.# # #..# ####
#.# .###.##..#.....
..# o.oo...s...# ###
#######o#### #@#
########## #@#
#........# #.#
###.######.# #.# #
#...######.# #.# .####
#.#)....##.###.#......
#...###...........#
##..# ####.##....#.#
#..# #.#......#
#..######.##...###


You could see Edmund, a scorpion and an orc.

Vanquished Creatures
  An ice beast (D:5)
  An ogre (D:5)
  A scorpion (D:5)
  A jelly (D:5)
  2 orc priests (D:4)
  An iguana (D:5)
  2 orc wizards
  Robin (D:2)
  3 gnolls (D:3)
  6 adders
  3 worms
  2 dart slugs
  9 orcs
  3 ball pythons (D:1)
  8 endoplasms
  A giant cockroach (D:4)
  21 goblins
  11 hobgoblins
  6 jackals
  2 quokkas (D:1)
  6 bats
  2 frilled lizards (D:1)
  7 kobolds
  6 rats
106 creatures vanquished.

Notes
Turn   | Place    | Note
-------+----------+-------------------------------------------
     0 | D:1      | KittyFluff the Gargoyle Berserker began the quest for the
                  | Orb.
     0 | D:1      | Reached XP level 1. HP: 14/14 MP: 1/1
   202 | D:1      | Reached XP level 2. HP: 19/19 MP: 2/2
   597 | D:1      | Reached ** piety under Trog
   598 | D:1      | Reached XP level 3. HP: 23/23 MP: 3/3
   968 | D:2      | Reached XP level 4. HP: 18/29 MP: 4/4
  1492 | D:2      | Noticed Robin
  1498 | D:2      | Reached *** piety under Trog
  1506 | D:2      | Killed Robin
  1511 | D:2      | Reached XP level 5. HP: 27/33 MP: 5/5
  2258 | D:4      | Found Ahaleth's Antique Weapon Emporium.
  2407 | D:4      | Found Gumenem's Assorted Antiques.
  2423 | D:4      | Found Xatzabeugg's Antique Weapon Emporium.
  2425 | D:4      | Found Neunoa's Distillery.
  2441 | D:4      | Bought a potion of degeneration for 11 gold pieces
  2616 | D:4      | Reached XP level 6. HP: 35/38 MP: 6/6
  2743 | D:4      | Found Fizathreu's Magic Scroll Shop.
  2759 | D:4      | Bought a scroll of identify for 28 gold pieces
  2759 | D:4      | Bought a scroll of identify for 28 gold pieces
  2802 | D:4      | Found a hazy altar of Hepliaklqana.
  3000 | D:5      | Entered Level 5 of the Dungeon
  3020 | D:5      | Reached **** piety under Trog
  3234 | D:5      | Noticed an ice beast
  3248 | D:5      | Killed an ice beast
  3249 | D:5      | Reached skill level 5 in Maces & Flails
  3249 | D:5      | Reached XP level 7. HP: 44/44 MP: 7/7
  3258 | D:5      | Reached skill level 5 in Armour
  3739 | D:5      | Identified the +0 robe of the Stars {rPois Int-2 Dex+5
                  | SInv}
  3789 | D:5      | Noticed Edmund
  3816 | D:5      | Slain by Edmund

Illustrated notes

Levels and vault maps discovered:
D:1:      amcnicky_arrival_double_pillar, layout_basic
D:2:      layout_basic, minmay_quantized, uniq_robin
D:3:      layout_basic
D:4:      layout_cave_pools, nicolae_hepliaklqana_hazy_memory,
          serial_column_ruins, column_ruins_open_medium_water,
          column_ruins_grid_1, column_ruins_open_tiny, column_ruins_open_tiny,
          serial_shops, shop_statue, nicolae_square_shop, shop, shop,
          nicolae_shop_just_a_little_nook, minmay_misc_feat_encased,
          minmay_splitting_lines, minmay_goblin_kobold_house
D:5:      layout_loops_corners, uniq_edmund

Skill      XL: |  1  2  3  4  5  6  7 |
---------------+----------------------+-----
Dodging        | 2 3 |  3.1
Armour         | 3 4 5 |  5.2
Maces & Flails | 4 5 |  5.4
Fighting       | 4 |  4.7

Action                     |  1- 3 |  4- 6 |  7- 9 || total
---------------------------+-------+-------+-------++-------
  Melee: Mace              |   116 |   246 |    51 ||   413
         Punch             |       |     1 |       ||     1
  Throw: Boomerang         |       |     1 |       ||     1
 Invoke: Berserk           |       |     2 |     1 ||     3
    Use: Scroll            |       |     3 |       ||     3
         Potion            |       |       |     1 ||     1
 Armour: Animal skin       |     6 |       |       ||     6
         Leather armour    |    38 |    78 |     6 ||   122
         Robe              |       |       |     7 ||     7
  Dodge: Dodged            |    96 |    93 |     6 ||   195
  Block: Other             |       |    27 |       ||    27
         Tower shield      |       |   101 |    37 ||   138
         Reflection        |       |     1 |       ||     1
